 Dungeon Crawl Stone Soup version 0.28.0-53-g5a82cb258f (webtiles) character file.

Game seed: 9598106937636062263

5571 pkoi the Frost Mage (level 10, 0/75 HPs)
             Began as a Demigod Ice Elementalist on June 2, 2022.
             Slain by Gastronok (18 damage)
             ... on level 7 of the Dungeon.
             The game lasted 00:23:36 (14846 turns).

pkoi the Frost Mage (Demigod Ice Elementalist)     Turns: 14846, Time: 00:23:37

Health: 0/75       AC: 19    Str:  9    XL:     10   Next: 21%
Magic:  9/17       EV: 11    Int: 29    God:
Gold:   442        SH:  0    Dex: 14    Spells: 4/15 levels left

rFire   + . .      SeeInvis +   r - +3 hand axe of Tehuoho {vorpal, SInv}
rCold   . . .      Faith    .   (no shield)
rNeg    . . .      Spirit   .   v - +5 ring mail "Juisme" {+Blink}
rPois   .          Reflect  .   g - +0 hat
rElec   .          Harm     .   (no cloak)
rCorr   .          Rampage  .   E - +0 pair of gloves
Will    +....                   (no boots)
Stlth   +.........              A - amulet of magic regeneration
HPRegen 0.22/turn               k - ring of protection from fire
MPRegen 0.55/turn               (no ring)

@: ice-armoured, freezing walls
A: high MP 1, forlorn, divine attributes
a: Evoke Blink


You were on level 7 of the Dungeon.
You visited 2 branches of the dungeon, and saw 9 of its levels.
You also visited: Sewer.

You collected 442 gold pieces.

Inventory:

Hand Weapons
 c - a +0 dagger
 r - the +3 hand axe of Tehuoho (weapon) {vorpal, SInv}
   (You found it on level 5 of the Dungeon)

   It inflicts extra damage upon your enemies.
   SInv:      It lets you see invisible.
 u - a +2 vampiric dagger
 x - a +0 shortbow
 z - a +0 shortbow
 C - a +1 whip of flaming
Missiles
 d - 16 poisoned darts
 j - 3 boomerangs of dispersal
 y - 105 arrows
 F - 2 throwing nets
Armour
 a - a +0 robe
 g - a +0 hat (worn)
 v - the +5 ring mail "Juisme" (worn) {+Blink}
   (You found it on level 5 of the Dungeon)

   +Blink:    It lets you blink.
 E - a +0 pair of gloves (worn)
Jewellery
 k - a ring of protection from fire (left hand)
 A - an amulet of magic regeneration (around neck)
Wands
 b - a wand of acid (7)
 q - a wand of polymorph (10)
 s - a wand of iceblast (12)
 B - a wand of flame (11)
 H - a wand of charming (10)
Scrolls
 e - 2 scrolls of enchant armour
 i - 7 scrolls of teleportation
 n - 3 scrolls of fog
 o - 2 scrolls of fear
 t - a scroll of holy word
 w - 3 scrolls of identify
 D - a scroll of enchant weapon {unknown}
 J - a scroll of torment {unknown}
Potions
 f - 7 potions of flight
 h - 6 potions of curing
 l - 2 potions of haste
 m - a potion of resistance
 p - a potion of might
 G - a potion of lignification {unknown}
 I - a potion of mutation {unknown}
 K - a potion of heal wounds


   Skills:
 + Level 2.9 Fighting
 + Level 7.0 Armour
 - Level 2.5 Dodging
 - Level 1.7 Stealth
 - Level 3.0 Spellcasting
 + Level 5.8 Conjurations
 + Level 10.2 Ice Magic
 + Level 2.9 Evocations


You had 4 spell levels left.
You knew the following spells:

 Your Spells              Type           Power      Damage    Failure   Level
a - Freeze                Ice            100%       1d11      1%          1
b - Frozen Ramparts       Ice            100%       1d12      1%          3
c - Ozocubu's Armour      Ice            59%        N/A       1%          3
d - Hailstorm             Conj/Ice       50%        3d11      7%          4

Your spell library contained the following spells:

 Spells                   Type           Power      Damage    Failure   Level
 Static Discharge         Conj/Air       21%        N/A       9%          2
 Animate Skeleton         Necr           8%         N/A       19%         1
 Apportation              Tloc           8%         N/A       19%         1
 Summon Small Mammal      Summ           16%        N/A       19%         1
 Sticky Flame             Conj/Fire      21%        2d4       50%         4
 Dispel Undead            Necr           4%         3d7       88%         4


Dungeon Overview and Level Annotations

Branches:
Dungeon (8/15)             Temple (1/1) D:7           Sewer (visited)
   Lair: D:8-11

Shops:
D:3 ?   D:7 *

Annotations:
D:6 1 runed translucent door, GloriousHammer's ghost, novice BaSu
D:7 Gastronok


Innate Abilities, Weirdness & Mutations

You have an increased reservoir of magic. (+10% MP)
You shall have no god before yourself.
Your divine heritage dramatically boosts your attributes as you level up.


Message History

Aiming: Freeze (safe; 1% risk of failure)
Press: ? - help, Shift-Dir - straight line, f/p - Gastronok
Aim: Gastronok, wearing a +1 hat (moderately wounded)
You freeze Gastronok.
Gastronok is moderately wounded.
The wall freezes Gastronok!
Gastronok bites you!
* * * LOW HITPOINT WARNING * * *
Casting: Freeze (safe; 1% risk of failure)
Confirm with . or Enter, or press ? or * to list all spells.
Aiming: Freeze (safe; 1% risk of failure)
Press: ? - help, Shift-Dir - straight line, f/p - Gastronok
Aim: Gastronok, wearing a +1 hat (heavily wounded)
You freeze Gastronok.
Gastronok is heavily wounded.
Unknown command.
Unknown command.
Casting: Freeze (safe; 1% risk of failure)
Confirm with . or Enter, or press ? or * to list all spells.
Aiming: Freeze (safe; 1% risk of failure)
Press: ? - help, Shift-Dir - straight line, f/p - Gastronok
Aim: Gastronok, wearing a +1 hat (heavily wounded)
You freeze Gastronok!
Gastronok is heavily wounded.
The wall freezes Gastronok.
Gastronok bites you!!
* * * LOW HITPOINT WARNING * * *
Casting: Freeze (safe; 1% risk of failure)
Confirm with . or Enter, or press ? or * to list all spells.
Aiming: Freeze (safe; 1% risk of failure)
Press: ? - help, Shift-Dir - straight line, f/p - Gastronok
Aim: Gastronok, wearing a +1 hat (heavily wounded)
You freeze Gastronok!
Gastronok is heavily wounded.
Unknown command.
Aiming: Corrosive Bolt
Press: ? - help, Shift-Dir - straight line, f/p - Gastronok
Aim: Gastronok, wearing a +1 hat (heavily wounded, 100% to hit)
The bolt of acid hits Gastronok!!
Gastronok is severely wounded.
The wall freezes Gastronok.
Gastronok bites you!!
You die...

#.......#####..........)#.
####.#### #.###...##.###
### ###.###...##.# #
##♣♣♣## #.....#..)##.#
##..♣..## #.<...######.#
#.......#####.....####...#
#.......#...#.....#.....##
#.......###.#.....#.##..#
#.###.#..##@#######.#...#
#.....#....w#######.#.#.#
#####.#.#...#...).......#
#.......#.#####.#.###
##.........####.#>#
#...........##.#.#
#.........#.##.#.#
##.....#.##.)....#
###...#.......###


You could see Gastronok.

Vanquished Creatures
  Harold (D:7)
  Pikel (D:7)
  A centaur zombie (D:8)
  Prince Ribbit (D:7)
  6 yaks (D:8)
  A water moccasin (D:7)
  3 black bears
  An orc warrior (D:6)
  3 sky beasts
  3 ogres (D:5)
  A necrophage (D:4)
  3 centaurs
  2 lemures (D:7)
  A phantom (D:4)
  2 kobold brigands
  A scorpion (D:5)
  5 killer bees (D:8)
  6 wights
  A howler monkey (D:6)
  A bullfrog zombie (D:6)
  A centaur skeleton (D:5)
  3 hounds
  A bullfrog skeleton (D:6)
  5 orc priests
  A jelly (D:7)
  4 iguanas
  Jessica (D:3)
  6 orc wizards
  A hound zombie (D:5)
  A hound skeleton (D:5)
  A howler monkey zombie (D:8)
  4 gnolls
  15 adders
  4 river rats (Sewer)
  2 white imps
  An ufetubus (D:7)
  4 worms
  3 dart slugs (D:1)
  17 orcs
  14 ball pythons
  15 bats
  8 endoplasms
  6 giant cockroaches
  8 goblins
  5 hobgoblins
  4 quokkas
  4 frilled lizards
  14 kobolds
  5 rats
202 creatures vanquished.

Vanquished Creatures (collateral kills)
  A ball python (D:2)
  A hobgoblin (D:2)
2 creatures vanquished.

Vanquished Creatures (others)
  A butterfly (D:8)
  2 withered plants (D:6)
3 creatures vanquished.

Grand Total: 207 creatures vanquished

Notes
Turn   | Place    | Note
-------+----------+-------------------------------------------
     0 | D:1      | pkoi the Demigod Ice Elementalist began the quest for the
                  | Orb.
     0 | D:1      | Reached XP level 1. HP: 14/14 MP: 5/5
    90 | D:1      | Reached skill level 4 in Ice Magic
   274 | D:1      | Reached XP level 2. HP: 12/20 MP: 4/7
  1259 | D:1      | Reached XP level 3. HP: 23/26 MP: 6/8
  1430 | D:1      | Learned a level 3 spell: Frozen Ramparts
  2268 | D:2      | Reached skill level 5 in Ice Magic
  3094 | D:2      | Reached XP level 4. HP: 33/33 MP: 5/9
  3258 | D:3      | Found Ippi's Magic Scroll Emporium.
  3801 | D:3      | Noticed Jessica
  3810 | D:3      | Killed Jessica
  4715 | D:4      | Found a glowing drain.
  4750 | Sewer    | Entered a sewer
  4757 | Sewer    | Reached skill level 6 in Ice Magic
  4757 | Sewer    | Reached XP level 5. HP: 17/38 MP: 1/10
  5031 | Sewer    | Learned a level 3 spell: Ozocubu's Armour
  6626 | D:4      | Reached skill level 7 in Ice Magic
  6626 | D:4      | Reached XP level 6. HP: 45/45 MP: 11/11
  7157 | D:5      | Entered Level 5 of the Dungeon
  8669 | D:5      | Identified the +3 hand axe of Tehuoho {vorpal, SInv}
  8690 | D:5      | Reached skill level 1 in Armour
  8692 | D:5      | Reached skill level 1 in Fighting
  8692 | D:5      | Reached skill level 1 in Evocations
  8692 | D:5      | Reached XP level 7. HP: 30/52 MP: 3/13
  8946 | D:5      | Identified the +5 ring mail "Juisme" {+Blink}
  9465 | D:6      | Reached skill level 8 in Ice Magic
  9467 | D:6      | Reached XP level 8. HP: 47/59 MP: 11/15
  9531 | D:6      | Learned a level 4 spell: Hailstorm
  9599 | D:6      | Reached skill level 1 in Conjurations
  9962 | D:6      | Found a runed translucent door.
  9962 | D:6      | Noticed GloriousHammer's ghost (novice BaSu)
 10484 | D:6      | Found a large runed translucent door.
 10485 | D:6      | Found a large runed translucent door.
 11233 | D:6      | Reached skill level 5 in Armour
 11626 | D:7      | Reached skill level 9 in Ice Magic
 11687 | D:7      | Noticed Pikel
 11702 | D:7      | Killed Pikel
 11703 | D:7      | Reached XP level 9. HP: 64/64 MP: 10/16
 11832 | D:7      | Noticed Prince Ribbit
 11843 | D:7      | Killed Prince Ribbit
 12390 | D:7      | Found a staircase to the Ecumenical Temple.
 12463 | D:7      | Noticed Harold
 12532 | D:7      | Killed Harold
 12533 | D:7      | Reached skill level 5 in Conjurations
 12548 | Temple   | Entered the Ecumenical Temple
 13252 | D:7      | Found Ijythive's CLEARANCE SALE!.
 13792 | D:8      | Reached skill level 10 in Ice Magic
 13793 | D:8      | Reached XP level 10. HP: 73/73 MP: 11/17
 14137 | D:8      | Noticed Gastronok
 14793 | D:8      | Noticed an eight-headed hydra
 14846 | D:7      | Slain by Gastronok

Illustrated notes

Levels and vault maps discovered:
D:1:      mrwooster_arrival_statue_2, layout_basic
D:2:      layout_loops_ring
D:3:      layout_rooms, general_overflow_altar, lightli_temple_of_fire,
          serial_shops, nicolae_shop_crystal, minmay_diced_spiral, uniq_jessica
D:4:      layout_loops_ring, cheibrodos_sewer_entry_drain
D:5:      layout_rooms, bh_walls_and_bars
D:6:      layout_basic, jmf_multi_god_temple2, gammafunk_ghost_grave
D:7:      layout_loops_cross, minmay_temple_entry_waves, kennysheep_nub,
          nicolae_shop_clearance, uniq_pikel, uniq_prince_ribbit1, uniq_harold
D:8:      layout_gridville, nicolae_elyvilon_peaceful_grove, fedhas_altar_3,
          uniq_gastronok
Temple:   regret_index_temple_waves

Skill      XL: |  1  2  3  4  5  6  7  8  9 10 |
---------------+-------------------------------+-----
Ice Magic      | 4 5 6 7 8 9 10 | 10.2
Dodging        | 2 |  2.5
Spellcasting   | 2 3 |  3.0
Armour         | 1 3 5 6 7 |  7.0
Fighting       | 1 2 |  2.9
Evocations     | 1 2 |  2.9
Conjurations   | 4 5 |  5.8
Stealth        | |  1.7

Action                   |  1- 3 |  4- 6 |  7- 9 | 10-12 || total
-------------------------+-------+-------+-------+-------++-------
Melee: Dagger            |    28 |    36 |       |       ||    64
       Punch             |     1 |       |     3 |       ||     4
       Hand axe          |       |       |   169 |    42 ||   211
 Cast: Freeze            |    48 |    32 |     6 |     8 ||    94
       Frozen Ramparts   |     9 |    37 |    40 |     5 ||    91
       Ozocubu's Armour  |       |    26 |    38 |     5 ||    69
Evoke: Wand              |       |       |       |     1 ||     1
  Use: Scroll            |     6 |     6 |     2 |       ||    14
       Potion            |       |     3 |     1 |       ||     4
Armor: Robe              |    12 |    54 |    14 |       ||    80
       Ring mail         |       |       |   127 |    56 ||   183
Dodge: Dodged            |    53 |    92 |   185 |    40 ||   370
